 Dungeon Crawl Stone Soup version 0.27-a0-1502-g47ed6a6988 (webtiles) character file.

Game seed: 13448054101938667864

21 Mesmaeker13 the Bolt Thrower (level 3, -2/22 HPs)
             Began as a Kobold Hunter on July 8, 2021.
             Slain by a worm (6 damage)
             ... on level 2 of the Dungeon.
             The game lasted 00:00:40 (607 turns).

Mesmaeker13 the Bolt Thrower (Kobold Hunter)         Turns: 607, Time: 00:00:40

Health: -2/22      AC:  4    Str: 10    XL:     3   Next: 2%
Magic:  3/3        EV: 14    Int: 12    God:
Gold:   54         SH:  0    Dex: 15    Spells: 2/2 levels left

rFire    . . .     SeeInvis .   a - +1 hand crossbow
rCold    . . .     Faith    .   (shield restricted)
rNeg     . . .     Spirit   .   c - +0 leather armour
rPois    .         Reflect  .   (no helmet)
rElec    .         Harm     .   (no cloak)
rCorr    .         Rampage  .   (no gloves)
Will     .....                  k - +0 pair of boots
Stlth    +++.......             (no amulet)
HPRegen  0.07/turn              (no ring)
MPRegen  0.08/turn              (no ring)

@: no status effects
A: small, no large weapons, nightstalker 3
a: no special abilities


You were on level 2 of the Dungeon.
You visited 1 branch of the dungeon, and saw 2 of its levels.

You collected 54 gold pieces.

Inventory:

Hand Weapons
 a - a +1 hand crossbow (weapon)
 b - a +0 short sword
 f - a +0 mace
Missiles
 d - 7 bolts (quivered ammo)
Armour
 c - a +0 leather armour (worn)
 k - a +0 pair of boots (worn)
Scrolls
 e - a scroll of vulnerability {unknown}
 h - a scroll of identify {unknown}
 i - a scroll of torment {unknown}
Potions
 g - a potion of heal wounds {unknown}
 j - a potion of curing {unknown}


   Skills:
 + Level 2.6 Fighting
 + Level 5.1 Crossbows
 + Level 2.8 Dodging
 + Level 2.2 Stealth


You had 2 spell levels left.
You didn't know any spells.
Your spell library contained the following spells:

 Spells                   Type           Power      Damage    Failure   Level
 Portal Projectile        Hex/Tloc       0%         N/A       80%         3
 Blade Hands              Tmut           0%         N/A       100%        5
 Excruciating Wounds      Necr           0%         N/A       100%        5


Dungeon Overview and Level Annotations

Branches:
Dungeon (2/15)

Altars:


Innate Abilities, Weirdness & Mutations

You are small and have problems with some larger weapons.
You are completely attuned to the shadows.


Message History

You shoot a bolt. The bolt hits the adder.
The adder is lightly wounded.
The adder bites you.
You are poisoned.
The adder poisons you!
You shoot a bolt. The bolt hits the adder.
The adder is severely wounded.
You feel sick. The adder misses you. x2
You shoot a bolt. The bolt barely misses the adder.
You feel sick. The adder bites you. The adder barely misses you.
You shoot a bolt. The bolt misses the adder.
You feel sick. The adder barely misses you.
You shoot a bolt. The bolt hits the adder!
You kill the adder!
You feel sick.
You are no longer poisoned.
You have reached level 3!
Your experience leads to an increase in your attributes!
Increase (S)trength, (I)ntelligence, or (D)exterity?
You feel stronger.
You start resting.
A worm comes into view.
A worm is nearby!
You shoot a bolt. The bolt hits the worm.
The worm is lightly wounded.
You shoot a bolt. The bolt barely misses the worm.
You shoot a bolt.
The bolt hits the worm but does no damage.
The worm is lightly wounded.
A ball python comes into view.
You shoot a bolt. The ball python hisses angrily.
The bolt hits the worm!
The worm is heavily wounded.
The worm bites you!
* * * LOW HITPOINT WARNING * * *
Unknown command.
Okay, then.
The worm bites you.
You die...

......
.##....
.....
#.?#
#.@#
#.w#
#(S#
#..(
..((


You could see a worm and a ball python.

Vanquished Creatures
  An adder (D:2)
  A dart slug (D:1)
  2 endoplasms (D:1)
  3 kobolds (D:1)
  2 ball pythons (D:1)
  A frilled lizard (D:1)
  A rat (D:2)
11 creatures vanquished.

Notes
Turn   | Place    | Note
-------+----------+-------------------------------------------
     0 | D:1      | Mesmaeker13 the Kobold Hunter began the quest for the Orb.
     0 | D:1      | Reached XP level 1. HP: 12/12 MP: 1/1
   172 | D:1      | Reached XP level 2. HP: 18/18 MP: 2/2
   187 | D:1      | Reached skill level 5 in Crossbows
   594 | D:2      | Reached XP level 3. HP: 12/22 MP: 3/3
   607 | D:2      | Slain by a worm

Illustrated notes

Levels and vault maps discovered:
D:1:      dpeg_arrival_orchard, layout_basic
D:2:      layout_rooms, minmay_tetromino_t2, uniq_terence

Skill      XL: |  1  2 |
---------------+-------+-----
Crossbows      | 5 |  5.1
Stealth        | 2 |  2.2
Fighting       | |  2.6
Dodging        | |  2.8

Action                   || total
-------------------------++-------
 Fire: Hand crossbow     ||    26
Dodge: Dodged            ||     6

Table legend: (Time is in decaauts)
 A = Elapsed time spent in this place.
 B = Non-inter-level travel time spent in this place.
 C = Inter-level travel time spent in this place.
 D = Time resting spent in this place.
 E = Time spent auto-exploring this place.
 F = Levels seen in this place.
 G = Mean time per level.
                   A        B        C        D        E       F      G
               +--------+--------+--------+--------+--------+-----+--------+
         Total |    613 |    564 |     49 |      9 |    475 |   2 |  306.5 |
       Dungeon |    613 |    564 |     49 |      9 |    475 |   2 |  306.5 |
               +--------+--------+--------+--------+--------+-----+--------+

Top non-repeatable levels by time:
     D:1: 589 daAuts
     D:2: 23 daAuts
